 Dungeon Crawl Stone Soup version 0.29.0-4-gdea44cf6ec (webtiles) character file.

Game seed: 7840192683779188444

98 qw the Chopper (level 4, -1/36 HPs)
             Began as a Barachi Chaos Knight on Sept 4, 2022.
             Killed by nerve-wracking pain
             ... invoked by Jessica
              (12 damage)
             ... on level 2 of the Dungeon.
             The game lasted 00:00:57 (1625 turns).

qw the Chopper (Barachi Chaos Knight)               Turns: 1625, Time: 00:00:58

Health: -1/36      AC:  6    Str: 18 (19) XL:     4   Next: 69%
Magic:  4/4        EV: 11    Int: 12      God:
Gold:   61         SH:  0    Dex: 11      Spells: 3/3 levels left

rFire   . . .      SeeInvis .   Y - +0 hand axe (chaos)
rCold   . . .      Faith    .   (no shield)
rNeg    . . .      Spirit   .   k - +1 robe of the Echidna {Regen+ Str+3}
rPois   .          Reflect  .   (no helmet)
rElec   .          Harm     .   (no cloak)
rCorr   .          Rampage  .   f - +2 pair of gloves
Will    .....                   (no boots)
Stlth   +.........              (no amulet)
HPRegen 0.92/turn               (no ring)
MPRegen 0.09/turn               (no ring)

@: slow
A: amphibious, slowness 1, strong legs 1, +LOS, deterioration 1
a: Hop


You were on level 2 of the Dungeon.
You visited 1 branch of the dungeon, and saw 2 of its levels.

You collected 61 gold pieces.


Innate Abilities, Weirdness & Mutations

You are amphibious.
You cover ground slowly.
You can hop short distances.
You have an extended range of vision and can be seen from far away.
Your body sometimes deteriorates upon taking damage.


   Skills:
 - Level 3.6 Fighting
 + Level 5.8 Axes
 - Level 2.4 Armour
 - Level 1.1 Dodging


You had 3 spell levels left.
You didn't know any spells.
Your spell library was empty.

Inventory:

Hand Weapons
 a - a +0 flail
 Y - a +0 hand axe of chaos (weapon)
Armour
 f - a +2 pair of gloves (worn)
 k - the +1 robe of the Echidna (worn) {Regen+ Str+3}
   (You found it on level 2 of the Dungeon)

   Str:       It affects your strength (+3).
   Regen:     It increases your rate of health regeneration.
Scrolls
 h - a scroll of identify
Potions
 b - a potion of berserk rage {unknown}
 d - a potion of brilliance {unknown}
 e - a potion of curing {unknown}
 g - a potion of haste
 i - a potion of attraction {unknown}
 j - a potion of lignification {unknown}
Miscellaneous
 c - a piece from Xom's chessboard (15/15)

Dungeon Overview and Level Annotations

Branches:
Dungeon (2/15)

Altars:

Annotations:
D:2 Jessica


Message History

An adder comes into view.
Jessica mumbles some strange words.
Jessica blinks!
Things that are here:
a +0 club; 2 stones You miss the adder.
The adder bites you but does no damage. The adder closely misses you.
You closely miss the adder.
Jessica zaps a wand.
The puff of flame hits you. The adder bites you but does no damage.
Jessica casts a spell at you. Pain shoots through your body!
Your body deteriorates!
You feel weakened.
You hit the adder.
The adder is lightly wounded.
You hit the adder.
The adder is severely wounded.
You barely miss the frilled lizard. The adder barely misses you.
The frilled lizard misses you. Jessica hits you with a +0 dagger.
You hit the adder but do no damage. Lightning courses through the adder!
You kill the adder!
You hit Jessica. You freeze Jessica. You hit the frilled lizard.
You kill the frilled lizard!
Jessica points at you and mumbles some strange words.
Pain shoots through your body!
You feel your intelligence returning.
You hit Jessica but do no damage.
Jessica is heavily wounded.
You barely miss the adder.
Jessica mumbles something strange.
Jessica closely misses you. The adder barely misses you.
An adder comes into view.
Jessica misses you. The adder bites you.
You hit Jessica.
Jessica is severely wounded.
You miss the adder. Jessica casts a spell at you.
Pain shoots through your body!
You die...

#..................###........#
#.........%..(................#
#................###........#
#.............<..# #.........
#...)............#...........
#......................#..#..
#................#.....#..###
##...........@..###### .#. ..
##.....##..@S.#... #.##...
###########........ ....
........ ##.## ........ #...
........ . .# ........ ......>.
........ .. ........ #.


You could see an adder and Jessica (fast).

Vanquished Creatures
  4 gnolls
  An adder (D:2)
  An orc (D:1)
  10 bats
  8 endoplasms (D:1)
  A hobgoblin (D:2)
  4 jackals (D:1)
  5 kobolds
  A quokka (D:1)
  5 ball pythons
  2 frilled lizards (D:2)
  A rat (D:2)
43 creatures vanquished.

Notes
Turn   | Place    | Note
-------+----------+-------------------------------------------
     0 | D:1      | qw the Barachi Chaos Knight began the quest for the Orb.
     0 | D:1      | Reached XP level 1. HP: 18/18 MP: 1/1
     0 | D:1      | 0 ||| qw: Version: 0.1-a-103-gd6f5d3a
     0 | D:1      | 0 ||| qw: Game counter: 5652
     0 | D:1      | 0 ||| qw: Always use a shield: true
     0 | D:1      | 0 ||| qw: God list: Okawaru
     0 | D:1      | 0 ||| qw: Allow faded altars: false
     0 | D:1      | 0 ||| qw: Do Orc after D:15 true
     0 | D:1      | 0 ||| qw: Do second Lair branch before Depths: true
     0 | D:1      | 0 ||| qw: Lair rune preference: random
     0 | D:1      | 0 ||| qw: Plans: Normal
     0 | D:1      | 0 ||| PLANNING D:1-11
     0 | D:1      | Fell from the grace of Xom
    58 | D:1      | Found a faded altar of an unknown god.
   137 | D:1      | XOM: give mutation
   137 | D:1      | Gained mutation: Your body sometimes deteriorates upon
                  | taking damage. [Xom's mischief]
   162 | D:1      | XOM: 2-stop teleportation journey
   236 | D:1      | 236 ||| Stepping ~*~*~tactically~*~*~ (stealth).
   243 | D:1      | Reached XP level 2. HP: 24/24 MP: 2/2
   245 | D:1      | Reached skill level 4 in Axes
   473 | D:1      | 473 ||| Stepping ~*~*~tactically~*~*~ (stealth).
   475 | D:1      | 475 ||| Stepping ~*~*~tactically~*~*~ (stealth).
   479 | D:1      | 479 ||| Stepping ~*~*~tactically~*~*~ (stealth).
   481 | D:1      | 481 ||| Stepping ~*~*~tactically~*~*~ (stealth).
   488 | D:1      | XOM: polymorph endoplasm -> gnoll
   493 | D:1      | Reached XP level 3. HP: 17/29 MP: 3/3
   727 | D:1      | You fall into a shaft and drop 1 floor!
   748 | D:2      | 748 ||| Stepping ~*~*~tactically~*~*~ (stealth).
   774 | D:2      | 774 ||| Stepping ~*~*~tactically~*~*~ (stealth).
   775 | D:2      | 775 ||| Stepping ~*~*~tactically~*~*~ (stealth).
   846 | D:2      | Identified the +1 robe of the Echidna {Regen+ Str+3}
   861 | D:2      | 861 ||| UPGRADING to +2 pair of gloves.
   866 | D:2      | 866 ||| UPGRADING to +1 robe of the Echidna {Regen+ Str+3}.
   876 | D:2      | 876 ||| DROPPING +2 leather armour.
   877 | D:2      | 877 ||| READING scroll labelled AHIAQU BILUTEO.
   878 | D:2      | 878 ||| READING scroll labelled GYSHRA PE VOAFEJYT.
  1072 | D:1      | Reached skill level 5 in Axes
  1412 | D:1      | 1412 ||| READING scroll labelled QAFUHUARUO.
  1413 | D:1      | 1413 ||| READING scroll labelled KUCZUI CIWN.
  1519 | D:2      | 1519 ||| Stepping ~*~*~tactically~*~*~ (stealth).
  1522 | D:2      | 1522 ||| Stepping ~*~*~tactically~*~*~ (stealth).
  1530 | D:2      | Reached XP level 4. HP: 36/36 MP: 4/4
  1536 | D:2      | 1536 ||| Stepping ~*~*~tactically~*~*~ (stealth).
  1570 | D:2      | 1570 ||| DROPPING +0 whip.
  1613 | D:2      | 1613 ||| Stepping ~*~*~tactically~*~*~ (stealth).
  1614 | D:2      | Noticed Jessica
  1616 | D:2      | 1616 ||| Stepping ~*~*~tactically~*~*~ (hiding).
  1625 | D:2      | Killed from afar by Jessica

Levels and vault maps discovered:
D:1:      sevenhm_arrival_forest_fort_large_2, layout_basic,
          shapermc_ecumenical_altar_starsandcircs, minmay_tromino_i4
D:2:      layout_rooms, uniq_jessica

Skill      XL: |  1  2  3 |
---------------+----------+-----
Axes           | 4 5 |  5.8
Fighting       | |  3.6
Armour         | |  2.4
Dodging        | |  1.1

Action                   |  1- 3 |  4- 6 || total
-------------------------+-------+-------++-------
Melee: Hand axe          |   111 |    24 ||   135
       Punch             |     1 |       ||     1
Invok: Renounce Religion |     1 |       ||     1
  Use: Scroll            |     4 |       ||     4
 Stab: Paralysed         |     1 |       ||     1
Armor: Leather armour    |    40 |       ||    40
       Robe              |    18 |     5 ||    23
Dodge: Dodged            |    71 |    14 ||    85

Table legend:
 A = Non-vault XP
 B = Vault XP
 C = Vault XP percentage of total XP
 D = Non-vault monster count
 E = Vault monster count
 F = Vault count percentage of total count
                 A         B        C        D         E       F
            +---------+---------+-------+---------+---------+-------
      Total |     137 |       3 |   2.1 |      41 |       3 |   6.8
            +---------+---------+-------+---------+---------+-------
        D:1 |      63 |       3 |   4.5 |      26 |       3 |  10.3
        D:2 |      74 |       0 |   0.0 |      15 |       0 |   0.0
            +---------+---------+-------+---------+---------+-------
